SAA
LITTLE CAESARS HOT N READYS @ PHOENIX HOTSPUR YOUTH
05/26/2034
 
TOP OF THE 1ST
Little Caesars Hot N Readys batting - Pitching for Phoenix Hotspur Youth : LHP José Vélez
Pitching: LHP José Vélez
Batting: RHB Jorge Noutel 0-0: Called Strike
0-1: Ball
1-1: DOUBLE (Line Drive, 8RD)
Batting: SHB Allen Pandey 0-0: Ball
1-0: Ball
2-0: Ball
3-0: Base on Balls
Batting: RHB Cornelio Japón 0-0: Called Strike
0-1: Ball
1-1: Swinging Strike
1-2: Ball
2-2: Grounds into double play, 6-4-3 (Groundball, 6)
Jorge Noutel to third
Batting: LHB Manuel Estrada 0-0: Ball
1-0: Swinging Strike
1-1: Foul Ball, location: 2F
1-2: Ball
2-2: Foul Ball, location: 2F
2-2: Ball
3-2: Base on Balls
Batting: SHB Robby Patterson 0-0: Foul Ball, location: 2F
0-1: Fly out, F9 (Line Drive, 89D)
Top of the 1st over - 0 runs, 1 hit, 0 errors, 2 left on base; Little Caesars 0 - Phoenix Hotspur 0
BOTTOM OF THE 1ST
Phoenix Hotspur Youth batting - Pitching for Little Caesars Hot N Readys : LHP Hong-bin Hua
Pitching: LHP Hong-bin Hua
Batting: RHB Alberto Ramírez 0-0: Called Strike
0-1: Ball
1-1: Called Strike
1-2: Strikes out looking
Batting: LHB Carlos Rodríguez 0-0: Ball
1-0: Swinging Strike
1-1: Foul Ball, location: 2F
1-2: Fly out, F8 (Flyball, 8LM)
Batting: RHB Jonas van Claveren 0-0: Called Strike
0-1: Swinging Strike
0-2: Foul Ball, location: 2F
0-2: Ball
1-2: Foul Ball, location: 2F
1-2: Fly out, F3 (Popup, 3F)
Bottom of the 1st over - 0 runs, 0 hits, 0 errors, 0 left on base; Little Caesars 0 - Phoenix Hotspur 0
TOP OF THE 2ND
Little Caesars Hot N Readys batting - Pitching for Phoenix Hotspur Youth : LHP José Vélez
Batting: LHB Nathan Housden 0-0: Ball
1-0: DOUBLE (Flyball, 8RXD)
Batting: SHB Jorge Iglésias 0-0: Called Strike
0-1: Called Strike
0-2: Ball
1-2: Strikes out swinging
Batting: RHB Troy Ross 0-0: Called Strike
0-1: Ball
1-1: 2-RUN HOME RUN (Flyball, 9LD), Distance : 329 ft
Batting: RHB Tomas van Noord 0-0: Ground out 1-3 (Groundball, 13S)
Batting: RHB Jorge Noutel 0-0: Ball
1-0: Ball
2-0: Called Strike
2-1: Ball
3-1: Called Strike
3-2: SOLO HOME RUN (Flyball, 7D), Distance : 390 ft
Batting: SHB Allen Pandey 0-0: Foul Ball, location: 2F
0-1: Foul Ball, location: 2F
0-2: Foul Ball, location: 2F
0-2: Ball
1-2: Ball
2-2: Ball
3-2: Strikes out swinging
Top of the 2nd over - 3 runs, 3 hits, 0 errors, 0 left on base; Little Caesars 3 - Phoenix Hotspur 0
BOTTOM OF THE 2ND
Phoenix Hotspur Youth batting - Pitching for Little Caesars Hot N Readys : LHP Hong-bin Hua
Batting: RHB José Souza 0-0: Ball
1-0: Ball
2-0: Called Strike
2-1: Swinging Strike
2-2: Strikes out looking
Batting: LHB Phil Mazzeo 0-0: Called Strike
0-1: Swinging Strike
0-2: SINGLE (Groundball, 6MD)
Batting: RHB Braylen Sampson 0-0: Swinging Strike
0-1: Ball
1-1: Ball
2-1: DOUBLE (Line Drive, 8RD)
Phil Mazzeo to third
Runner from 3rd tries for Home, SAFE, no throw
Batting: RHB Francisco Arriagada 0-0: Swinging Strike
0-1: Foul Ball, location: 2F
0-2: Strikes out looking
Batting: LHB Damian Alldred 0-0: Ball
1-0: Ball
2-0: Ground out 6-3 (Groundball, 6)
Bottom of the 2nd over - 1 run, 2 hits, 0 errors, 1 left on base; Little Caesars 3 - Phoenix Hotspur 1
TOP OF THE 3RD
Little Caesars Hot N Readys batting - Pitching for Phoenix Hotspur Youth : LHP José Vélez
Batting: RHB Cornelio Japón 0-0: Ball
1-0: Ball
2-0: Called Strike
2-1: Foul Ball, location: 2F
2-2: Foul Ball, location: 2F
2-2: Strikes out swinging
Batting: LHB Manuel Estrada 0-0: Called Strike
0-1: Fly out, F8 (Flyball, 8RS)
Batting: SHB Robby Patterson 0-0: Swinging Strike
0-1: Ball
1-1: SINGLE (Line Drive, 78S)
Batting: LHB Nathan Housden 0-0: Called Strike
0-1: Fly out, F7 (Flyball, 7)
Top of the 3rd over - 0 runs, 1 hit, 0 errors, 1 left on base; Little Caesars 3 - Phoenix Hotspur 1
BOTTOM OF THE 3RD
Phoenix Hotspur Youth batting - Pitching for Little Caesars Hot N Readys : LHP Hong-bin Hua
Batting: RHB Greg Billingsley 0-0: Called Strike
0-1: Fly out, F9 (Line Drive, 89M)
Batting: RHB Alberto Ramírez 0-0: Called Strike
0-1: Ball
1-1: Ball
2-1: Ball
3-1: Called Strike
3-2: Ground out U3 (Groundball, 3)
Batting: LHB Carlos Rodríguez 0-0: Ball
1-0: Foul Ball, location: 2F
1-1: Fly out, F9 (Flyball, 9LSF)
Bottom of the 3rd over - 0 runs, 0 hits, 0 errors, 0 left on base; Little Caesars 3 - Phoenix Hotspur 1
TOP OF THE 4TH
Little Caesars Hot N Readys batting - Pitching for Phoenix Hotspur Youth : LHP José Vélez
Batting: SHB Jorge Iglésias 0-0: Ball
1-0: Called Strike
1-1: Foul Ball, location: 2F
1-2: Ground out 6-3 (Groundball, 6)
Batting: RHB Troy Ross 0-0: Foul Ball, location: 2F
0-1: Ball
1-1: Ball
2-1: SINGLE (Groundball, 56S) (infield hit)
Batting: RHB Tomas van Noord 0-0: Called Strike
0-1: SINGLE (Groundball, 4D)
Troy Ross to second
Batting: RHB Jorge Noutel 0-0: Ball
1-0: Ball
2-0: Foul Ball, location: 2F
2-1: SINGLE (Groundball, 34D)
Troy Ross to third
Tomas van Noord to second
Runner from 3rd tries for Home, SAFE, no throw
Batting: SHB Allen Pandey 0-0: Called Strike
0-1: Called Strike
0-2: Foul Ball, location: 2F
0-2: Ball
1-2: Ball
2-2: Fielders Choice at 2nd, 4-6 (Groundball, 4)
Tomas van Noord to third
Batting: RHB Cornelio Japón 0-0: Called Strike
0-1: Ground out 1-3 (Groundball, P)
Top of the 4th over - 1 run, 3 hits, 0 errors, 2 left on base; Little Caesars 4 - Phoenix Hotspur 1
BOTTOM OF THE 4TH
Phoenix Hotspur Youth batting - Pitching for Little Caesars Hot N Readys : LHP Hong-bin Hua
Batting: RHB Jonas van Claveren 0-0: Ground out 6-3 (Groundball, 6)
Batting: RHB José Souza 0-0: Called Strike
0-1: Ball
1-1: Fly out, F8 (Line Drive, 8LM)
Batting: LHB Phil Mazzeo 0-0: Called Strike
0-1: Ground out 4-3 (Groundball, 4)
Bottom of the 4th over - 0 runs, 0 hits, 0 errors, 0 left on base; Little Caesars 4 - Phoenix Hotspur 1
TOP OF THE 5TH
Little Caesars Hot N Readys batting - Pitching for Phoenix Hotspur Youth : LHP José Vélez
Batting: LHB Manuel Estrada 0-0: Ball
1-0: Ball
2-0: Called Strike
2-1: Swinging Strike
2-2: Ball
3-2: Base on Balls
Batting: SHB Robby Patterson 0-0: Ball
Pickoff Throw to First - Error! E1
Manuel Estrada to second
1-0: Foul Ball, location: 2F
1-1: SINGLE (Line Drive, 78M)
Manuel Estrada to third
Runner from 3rd tries for Home, SAFE, no throw
Batting: LHB Nathan Housden 0-0: Sac Bunt - play at first, batter OUT! U3
Robby Patterson to second
Batting: SHB Jorge Iglésias 0-0: Fly out, F8 (Flyball, 8RM)
Batting: RHB Troy Ross 0-0: Called Strike
0-1: Ball
1-1: Swinging Strike
1-2: Ball
2-2: Strikes out looking
Top of the 5th over - 1 run, 1 hit, 1 error, 1 left on base; Little Caesars 5 - Phoenix Hotspur 1
BOTTOM OF THE 5TH
Phoenix Hotspur Youth batting - Pitching for Little Caesars Hot N Readys : LHP Hong-bin Hua
Batting: RHB Braylen Sampson 0-0: Called Strike
0-1: Swinging Strike
0-2: Strikes out looking
Batting: RHB Francisco Arriagada 0-0: Called Strike
0-1: Ball
1-1: Ground out U3 (Groundball, 34)
Batting: LHB Damian Alldred 0-0: Foul Ball, location: 2F
0-1: Swinging Strike
0-2: Ball
1-2: Ball
2-2: Strikes out looking
Bottom of the 5th over - 0 runs, 0 hits, 0 errors, 0 left on base; Little Caesars 5 - Phoenix Hotspur 1
TOP OF THE 6TH
Little Caesars Hot N Readys batting - Pitching for Phoenix Hotspur Youth : LHP José Vélez
Batting: RHB Tomas van Noord 0-0: Swinging Strike
0-1: Ball
1-1: Ball
2-1: Ball
3-1: Called Strike
3-2: Reached on error, E4 (Groundball, 4)
Batting: RHB Jorge Noutel 0-0: Intentional Walk
Batting: SHB Allen Pandey 0-0: Bunt missed!
0-1: Sac Bunt - play at first, batter OUT! 2-4
Tomas van Noord to third
Jorge Noutel to second
Batting: RHB Cornelio Japón 0-0: Ball
1-0: DOUBLE (Groundball, 5L)
Tomas van Noord scores
Jorge Noutel scores
Pitching: RHP Coy Mitoglou
Batting: LHB Manuel Estrada 0-0: SINGLE (Groundball, 6MD)
Cornelio Japón to third
Batting: SHB Robby Patterson 0-0: Called Strike
0-1: Grounds into double play, 6-4-3 (Groundball, 6)
Top of the 6th over - 2 runs, 2 hits, 1 error, 1 left on base; Little Caesars 7 - Phoenix Hotspur 1
BOTTOM OF THE 6TH
Phoenix Hotspur Youth batting - Pitching for Little Caesars Hot N Readys : LHP Hong-bin Hua
Batting: RHB Greg Billingsley 0-0: Called Strike
0-1: Foul Ball, location: 2F
0-2: Ground out 4-3 (Groundball, 4S)
Batting: RHB Alberto Ramírez 0-0: Foul Ball, location: 2F
0-1: Ball
1-1: Ball
2-1: Ball
3-1: Base on Balls
Batting: LHB Carlos Rodríguez 0-0: Called Strike
0-1: Ball
1-1: Swinging Strike
1-2: Strikes out swinging
Batting: RHB Jonas van Claveren 0-0: Ball
1-0: Called Strike
1-1: Foul Ball, location: 2F
1-2: Foul Ball, location: 2F
1-2: Ball
2-2: SINGLE (Flyball, 78S)
Alberto Ramírez to second
Batting: RHB José Souza 0-0: SINGLE (Flyball, 89S)
Alberto Ramírez to third
Jonas van Claveren to second
Runner from 3rd tries for Home, SAFE, no throw
Batting: LHB Phil Mazzeo 0-0: Called Strike
0-1: Ball
1-1: Swinging Strike
1-2: Ball
2-2: Strikes out looking
Bottom of the 6th over - 1 run, 2 hits, 0 errors, 2 left on base; Little Caesars 7 - Phoenix Hotspur 2
TOP OF THE 7TH
Little Caesars Hot N Readys batting - Pitching for Phoenix Hotspur Youth : RHP Coy Mitoglou
Batting: LHB Nathan Housden 0-0: SOLO HOME RUN (Line Drive, 9D), Distance : 376 ft
Batting: SHB Jorge Iglésias 0-0: SINGLE (Flyball, 89M)
Batting: RHB Troy Ross 0-0: Ball
1-0: Ball
2-0: Swinging Strike
2-1: Foul Ball, location: 2F
2-2: Ball
3-2: Fly out, F8 (Flyball, 89S)
Batting: RHB Tomas van Noord 0-0: Foul Ball, location: 2F
0-1: Grounds into double play, 4-6-3 (Groundball, 4)
Top of the 7th over - 1 run, 2 hits, 0 errors, 0 left on base; Little Caesars 8 - Phoenix Hotspur 2
BOTTOM OF THE 7TH
Phoenix Hotspur Youth batting - Pitching for Little Caesars Hot N Readys : LHP Hong-bin Hua
Batting: RHB Braylen Sampson 0-0: Called Strike
0-1: Ball
1-1: Ground out 6-3 (Groundball, 6)
Batting: RHB Francisco Arriagada 0-0: Called Strike
0-1: Ball
1-1: Fly out, F9 (Flyball, 9D)
Batting: LHB Damian Alldred 0-0: Ball
1-0: Ball
2-0: Called Strike
2-1: Ball
3-1: Ground out 6-3 (Groundball, 6)
Bottom of the 7th over - 0 runs, 0 hits, 0 errors, 0 left on base; Little Caesars 8 - Phoenix Hotspur 2
TOP OF THE 8TH
Little Caesars Hot N Readys batting - Pitching for Phoenix Hotspur Youth : RHP Coy Mitoglou
Batting: RHB Jorge Noutel 0-0: Ball
1-0: Fly out, F9 (Flyball, 9LSF)
Batting: SHB Allen Pandey 0-0: Foul Ball, location: 2F
0-1: Fly out, F7 (Flyball, 78S)
Batting: RHB Cornelio Japón 0-0: Foul Ball, location: 2F
0-1: Ball
1-1: Swinging Strike
1-2: Ball
2-2: Foul Ball, location: 2F
2-2: Strikes out swinging
Top of the 8th over - 0 runs, 0 hits, 0 errors, 0 left on base; Little Caesars 8 - Phoenix Hotspur 2
BOTTOM OF THE 8TH
Phoenix Hotspur Youth batting - Pitching for Little Caesars Hot N Readys : LHP Hong-bin Hua
Batting: RHB Greg Billingsley 0-0: Ball
1-0: Ball
2-0: Foul Ball, location: 2F
2-1: Fly out, F9 (Line Drive, 89M)
Batting: RHB Alberto Ramírez 0-0: Called Strike
0-1: SINGLE (Groundball, 56S) (infield hit)
Batting: LHB Carlos Rodríguez 0-0: Ball
1-0: Ball
2-0: Called Strike
2-1: Ball
3-1: Base on Balls
Alberto Ramírez to second
Batting: RHB Jonas van Claveren 0-0: Ball
1-0: Ball
2-0: Ball
3-0: Called Strike
3-1: Base on Balls
Alberto Ramírez to third
Carlos Rodríguez to second
Pitching: LHP Doruk Keyder
Batting: RHB José Souza 0-0: Ball
1-0: Fly out, F5 (Line Drive, 56)
Batting: LHB Phil Mazzeo 0-0: Called Strike
0-1: Swinging Strike
0-2: Foul Ball, location: 2F
0-2: Ball
1-2: Foul Ball, location: 2F
1-2: Strikes out swinging
Bottom of the 8th over - 0 runs, 1 hit, 0 errors, 3 left on base; Little Caesars 8 - Phoenix Hotspur 2
TOP OF THE 9TH
Little Caesars Hot N Readys batting - Pitching for Phoenix Hotspur Youth : RHP Coy Mitoglou
Batting: LHB Manuel Estrada 0-0: Foul Ball, location: 2F
0-1: Foul Ball, location: 2F
0-2: Fly out, F5 (Line Drive, 56)
Batting: SHB Robby Patterson 0-0: Foul Ball, location: 2F
0-1: Ball
1-1: Ball
2-1: Ball
3-1: Called Strike
3-2: Foul Ball, location: 2F
3-2: Foul Ball, location: 2F
3-2: DOUBLE (Flyball, 8RXD)
Batting: LHB Nathan Housden 0-0: Ball
1-0: Fly out, F8 (Flyball, 8RM)
Batting: SHB Jorge Iglésias 0-0: Ball
1-0: Called Strike
1-1: SINGLE (Flyball, 9S)
Robby Patterson to third
Runner from 3rd tries for Home, SAFE, no throw
Batting: RHB Troy Ross 0-0: Ball
1-0: Foul Ball, location: 2F
1-1: Swinging Strike
1-2: Foul Ball, location: 2F
1-2: SINGLE (Line Drive, 8LS)
Jorge Iglésias to second
Runner from 2nd tries for 3rd, SAFE, no throw
Batting: RHB Tomas van Noord 0-0: Swinging Strike
0-1: Ball
1-1: Fielders Choice at 2nd, 6-4 (Groundball, 6)
Top of the 9th over - 1 run, 3 hits, 0 errors, 2 left on base; Little Caesars 9 - Phoenix Hotspur 2
BOTTOM OF THE 9TH
Phoenix Hotspur Youth batting - Pitching for Little Caesars Hot N Readys : RHP Cristóbal Garza
Pitching: RHP Cristóbal Garza
Now at C: Jaxon Dube
Batting: RHB Braylen Sampson 0-0: Foul Ball, location: 2F
0-1: Swinging Strike
0-2: Ball
1-2: Strikes out swinging
Batting: RHB Francisco Arriagada 0-0: Called Strike
0-1: Ball
1-1: Swinging Strike
1-2: Strikes out swinging
Batting: LHB Damian Alldred 0-0: Called Strike
0-1: Swinging Strike
0-2: Ball
1-2: Foul Ball, location: 2F
1-2: Foul Ball, location: 2F
1-2: Strikes out swinging
Bottom of the 9th over - 0 runs, 0 hits, 0 errors, 0 left on base; Little Caesars 9 - Phoenix Hotspur 2
Friday, March 29th, 2019 - OOTP Baseball 18.8 Build 76